 Dungeon Crawl Stone Soup version 0.31-a0-1549-g5ff9445 (webtiles) character file.

Game seed: 7047440446294048393

253979 PublicAnimeNo1 the Hermetic (level 19, -8/143 HPs)
             Began as a Demonspawn Alchemist on Jan 2, 2024.
             Was the Champion of Kikubaaqudgha.
             Mangled by a vault guard
             ... wielding a +0 halberd
              (15 damage)
             ... on level 5 of the Vaults.
             The game lasted 01:43:05 (35191 turns).

PublicAnimeNo1 the Hermetic (Demonspawn Alchemist) Turns: 35191, Time: 01:43:05

Health: -8/143     AC: 12    Str:  9    XL:     19   Next: 39%
Magic:  9/35       EV: 21    Int: 26    God:    Kikubaaqudgha [******]
Gold:   2867       SH:  0    Dex: 26    Spells: 6/42 levels left

rFire   + . .        G - +9 quick blade (pain)
rCold   + . .        (no shield)
rNeg    + + .        M - +1 robe "Poetz" {rPois Will+ Regen+}
rPois   +            v - +2 helmet of Zief {rN++}
rElec   .            u - +2 cloak
rCorr   .            (gloves unavailable)
SInv    +            w - +2 pair of boots {Stlth+}
Will    ++...        d - amulet of regeneration
Stlth   +++++++++    T - ring of Guatweusm {rF+ rC+ Dex+6}
HPRegen 2.03/turn    L - ring of Moceify {Int+4 Dex+3 SInv}
MPRegen 0.24/turn

%: no passive effects
@: death channelling, fugue, radiating poison, slightly contaminated, studying
Ice Magic
A: thin skeletal structure 1, demonic guardian 1, foul stench 3, augmentation 1,
demonic touch 3
}: 1/15 runes: gossamer
a: Renounce Religion, Unearth Wretches, Torment


You were on level 5 of the Vaults.
You worshipped Kikubaaqudgha.
Kikubaaqudgha was exalted by your worship.
You visited 8 branches of the dungeon, and saw 35 of its levels.
You also visited: Bailey, Ice Cave and Volcano.

You collected 3887 gold pieces.
You spent 1020 gold pieces at shops.

Inventory:

Hand Weapons
 p - a +6 demon trident of electrocution
 G - a +9 quick blade of pain (weapon)
Armour
 u - a +2 cloak (worn)
 v - the +2 helmet of Zief (worn) {rN++}
   (You found it on level 3 of the Lair of Beasts)

   rN++:      It greatly protects you from negative energy.
 w - a +2 pair of boots of stealth (worn)
 M - the +1 robe "Poetz" (worn) {rPois Will+ Regen+}
   (You took it off an ogre mage on level 10 of the Dungeon)

   rPois:     It protects you from poison Will+: It increases your willpower.
   Regen+:    It increases your rate of health regeneration.
 S - a +2 pair of boots of flying
 X - a scarf of invisibility
Magical Staves
 K - the staff of Bargho {rPois Str+2 Dex-3 Earth Alchemy}
   (You took it off a kobold demonologist on level 10 of the Dungeon)

   [staff of earth]

   Base accuracy: +5 Base damage: 5 Base attack delay: 1.2 This weapon's minimum
   attack delay (0.6) is reached at skill level 12.
   Str+2:     It affects your strength (+2).
   Dex-3:     It affects your dexterity (-3).
   rPois:     It protects you from poison Earth: It increases the power of your
   Earth spells.
   Alchemy:   It increases the power of your Alchemy spells.
   It falls into the 'Staves' category.
   It is a one-handed weapon.
Jewellery
 d - an amulet of regeneration (around neck)
 D - a ring of resist corrosion
 F - a ring of willpower
 J - a +4 ring of protection
 L - the ring of Moceify (right hand) {Int+4 Dex+3 SInv}
   (You took it off a kobold demonologist on level 10 of the Dungeon)

   [ring of see invisible]

   Int+4:     It affects your intelligence (+4).
   Dex+3:     It affects your dexterity (+3).
   SInv:      It lets you see invisible.
 T - the ring of Guatweusm (left hand) {rF+ rC+ Dex+6}
   (You found it on level 5 of the Lair of Beasts)

   [ring of dexterity]

   Dex+6:     It affects your dexterity (+6).
   rF+:       It protects you from fire.
   rC+:       It protects you from cold.
 V - a ring of protection from cold
 Y - a ring of see invisible
Wands
 l - a wand of flame (28)
 m - a wand of paralysis (9)
 y - a wand of roots (20)
 A - a wand of polymorph (19)
 U - a wand of light (13)
 W - a wand of digging (6)
 Z - a wand of mindburst (8)
Scrolls
 g - 3 scrolls of fear
 h - 13 scrolls of teleportation
 r - 7 scrolls of amnesia
 s - a scroll of silence
 B - 4 scrolls of immolation
 C - 3 scrolls of poison
 H - 2 scrolls of fog
 I - 17 scrolls of identify
 N - 2 scrolls of vulnerability
 Q - a scroll of blinking
 R - 3 scrolls of enchant armour
Potions
 a - 5 potions of enlightenment
 b - 4 potions of magic
 c - 6 potions of brilliance
 e - 11 potions of curing
 f - 8 potions of might
 i - 4 potions of haste
 j - 2 potions of attraction
 k - 4 potions of cancellation
 o - 9 potions of ambrosia
 q - 5 potions of mutation
 t - 3 potions of heal wounds
 z - 4 potions of berserk rage
 E - 7 potions of invisibility
 O - 5 potions of lignification
 P - 2 potions of resistance


   Skills:
 - Level 11.0 Fighting
 - Level 14.0 Short Blades
 - Level 10.2 Dodging
 - Level 14.9 Stealth
 + Level 12.3 Spellcasting
 - Level 4.0 Conjurations
 + Level 14.2 Necromancy
 - Level 4.0 Fire Magic
 + Level 4.7 Earth Magic
 - Level 15.6 Alchemy
 + Level 6.5 Evocations


You had 6 spell levels left.
You knew the following spells:

 Your Spells              Type           Power      Damage    Failure   Level
a - Borgnjor's Vile Clut  Necr/Erth      30%        N/A       1%          5
b - Mephitic Cloud        Conj/Alch/Air  50%        N/A       1%          3
c - Olgreb's Toxic Radia  Alch           77%        N/A       1%          4
d - Sticky Flame          Fire/Alch      61%        2d10      1%          4
e - Dispel Undead         Necr           74%        3d25      1%          4
f - Irradiate             Conj/Alch      30%        3d21      1%          5
g - Sublimation of Blood  Necr           74%        N/A       0%          2
h - Death Channel         Necr           37%        N/A       1%          6
i - Fugue of the Fallen   Necr           74%        N/A       1%          3

Your spell library contained the following spells:

 Spells                   Type           Power      Damage    Failure   Level
 Necrotise                Necr           100%       1d9       0%          1
 Kiss of Death            Conj/Necr      100%       2d13      1%          1
 Sting                    Conj/Alch      100%       1d9       1%          1
 Cigotuvi's Dreadful Rot  Necr/Alch/Air  100%       N/A       1%          2
 Mercury Vapours          Alch/Air       100%       N/A       1%          2
 Passwall                 Erth           40%        N/A       1%          3
 Stone Arrow              Conj/Erth      78%        3d11      1%          3
 Vampiric Draining        Necr           74%        2d11      1%          3
 Anguish                  Hex/Necr       26%        N/A       1%          4
 Fulminant Prism          Conj/Alch      30%        3d16      1%          4
 Ignite Poison            Fire/Alch      61%        N/A       1%          4
 Leda's Liquefaction      Alch/Erth      31%        N/A       1%          4
 Petrify                  Alch/Erth      62%        N/A       1%          4
 Curse of Agony           Necr           74%        N/A       1%          5
 Momentum Strike          Conj/Tloc      52%        3d9       2%          2
 Static Discharge         Conj/Air       52%        3-6/arc   2%          2
 Dazzling Flash           Conj/Hex       52%        N/A       4%          3
 Hailstorm                Conj/Ice       26%        3d7       4%          3
 Inner Flame              Hex/Fire       26%        N/A       4%          3
 Volatile Blastmotes      Fire/Tloc      52%        2d14      4%          3
 Blink                    Tloc           32%        N/A       5%          2
 Ensorcelled Hibernation  Hex/Ice        32%        N/A       5%          2
 Lesser Beckoning         Tloc           32%        N/A       5%          2
 Flame Wave               Conj/Fire      37%        2d10      7%          4
 Frozen Ramparts          Ice            32%        1d5       11%         3
 Gell's Gravitas          Tloc           16%        N/A       11%         3
 Summon Ice Beast         Ice/Summ       16%        N/A       11%         3
 Swiftness                Air            16%        N/A       11%         3
 Animate Armour           Summ/Erth      56%        N/A       14%         4
 Iskenderun's Mystic Bla  Conj/Tloc      26%        2d7       16%         4
 Sculpt Simulacrum        Ice/Alch       27%        N/A       22%         6
 Airstrike                Air            8%         2d(2-18)  34%         4
 Passage of Golubria      Tloc           16%        N/A       34%         4
 Summon Lightning Spire   Summ/Air       16%        N/A       34%         4
 Vhi's Electric Charge    Tloc/Air       32%        N/A       34%         4
 Freezing Cloud           Conj/Ice/Air   11%        6-21      50%         5
 Metabolic Englaciation   Hex/Ice        8%         N/A       69%         5
 Silence                  Hex/Air        8%         N/A       69%         5
 Malign Gateway           Summ/Tloc      8%         N/A       100%        7
 Disjunction              Tloc           8%         N/A       100%        8
 Ignition                 Fire           18%        3d7       100%        8
 Lehudib's Crystal Spear  Conj/Erth      19%        10d6      100%        8
 Summon Horrible Things   Summ           8%         N/A       100%        8
 Polar Vortex             Ice            8%         12d1*     100%        9


Dungeon Overview and Level Annotations

Branches:
Dungeon (15/15)            Temple (1/1) D:6            Lair (5/5) D:9
  Swamp (2/4) Lair:3       Spider (4/4) Lair:3        Slime (0/5) Lair:5
    Orc (2/2) D:12            Elf (1/3) Orc:2        Vaults (5/5) D:14
  Crypt (0/3) Vaults:3     Depths (0/4) D:15         Bailey (visited)
  IceCv (visited)         Volcano (visited)

Altars:
Ashenzari
Cheibriados
Dithmenos
Fedhas
Gozag
Hepliaklqana
Kikubaaqudgha
Makhleb
Nemelex Xobeh
Okawaru
Qazlal
Ru
Sif Muna
Trog
Uskayaw
Vehumet
Wu Jian
Xom
Yredelemnul
Jiyva

Shops:
D:5 :   D:8 =   D:15 =!   Orc:2 :(*[   Elf:1 (:   Vaults:1 =   Vaults:3 [
Vaults:4 =

Annotations:
D:3 3 runed translucent doors, kasel's ghost, amateur FoHu
D:4 exclusions: orc and 3 orc priests
D:5 exclusion: 2 wights, Menkaure
D:6 3 runed translucent doors, RexxRaptorr's ghost, novice GnHu
D:8 2 transporters, wqsa789's ghost, novice DjCj
Lair:2 exclusion: 3 death yaks
Lair:3 2 transporters
Swamp:1 exclusion: thorn hunter, Roxanne
Swamp:2 3 runed translucent doors


Innate Abilities, Weirdness & Mutations

You have a somewhat thin skeletal structure. (Dex +2, Stealth+)
A weak demonic guardian rushes to your aid.
You frequently emit foul miasma when damaged in melee.
Your magical and physical power is slightly enhanced at high health.
Your touch may irresistibly damage your foes and sap their willpower.


Message History

* * * LOW HITPOINT WARNING * * *
You emit a cloud of foul miasma!
A phantasmal warrior comes into view.
The vault guard hits you from afar with a +0 halberd!
* * * LOW HITPOINT WARNING * * *
A demonic guardian appears!
The vault guard completely misses you.
The vault warden shoots a bolt.
The bolt hits your spectral vault guard!
The bolt burns your spectral vault guard!
Your spectral vault guard hits the vault guard! x2
The wailing of the fallen reaches a fever pitch!
The vault guard dies!
Kikubaaqudgha accepts your kill.
A glowing mist starts to gather...
Your spectral vault guard hits the shadow dragon.
Your spectral vault guard hits the vault guard.
Your spectral vault guard drains the vault guard.
Your ice devil misses the vault guard.
You hear two shouts!
You feel much better.
The wailing of tortured souls fills the air!
The vault warden looks as sick as possible!
The vault guard looks as sick as possible! x2
The vault guard looks even sicker.
The vault guard looks as sick as possible! x5
The titan looks even sicker.
The ettin is poisoned.
Your orange demon is poisoned.
The vault guard hits you with a +0 battleaxe!!
* * * LOW HITPOINT WARNING * * *
You emit a cloud of foul miasma!
The vault guard hits you from afar with a +0 bardiche.
* * * LOW HITPOINT WARNING * * *
The vault guard completely misses you.
The vault guard is engulfed in dark miasma.
The vault guard looks as sick as possible!
The vault guard hits you with a +0 great mace!
* * * LOW HITPOINT WARNING * * *
The vault guard hits you from afar with a +0 halberd!
You die...
Kikubaaqudgha rasps: "You have failed me!
Welcome... death!" .#.#. #....# Wp#C.

#....# .
#.#.##....# ..
..#.#....#...
#.Zp........
#####Z4Xpp...##
......)§pp.....
.....Zp@ppp....
.....4pppp.....
.....ZZpppZ....
#####DZp.....##
....$..C...
...#....#...
##..#....#...
...#....# ..


You could see a shadow dragon (ally target), a tentacled monstrosity (ally
target), a titan (very poisoned), a vault warden (extremely poisoned), 17 vault
guards, an ettin (poisoned), a phantasmal warrior, a friendly orange demon
(summoned, poisoned), a friendly ice devil (summoned) and 7 friendly spectral
vault guards.

Vanquished Creatures
  Frederick (Vaults:2)
  An ancient lich (Vaults:2)
  A sphinx (Vaults:1)
  An ancient champion (Vaults:3)
  Gastronok (Lair:1)
  A tengu reaver (Vaults:3)
  A thorn hunter (Swamp:2)
  2 ghost moths
  6 vault wardens
  An emperor scorpion (Spider:4)
  An orc warlord (Vaults:3)
  8 ironbound thunderhulks
  7 ironbound preservers
  2 formless jellyfish
  A broodmother (Spider:3)
  Nessos (D:13)
  3 dire elephants
  A deep elf annihilator (Elf:1)
  4 spark wasps
  3 ettins
  5 entropy weavers
  7 yaktaur captains
  Josephine (D:15)
  4 hydras
  8 great orbs of eyes
  7 vault guards
  A peacekeeper (Vaults:3)
  2 catoblepae
  A merfolk avatar (Lair:5)
  2 jorogumos
  4 ogre magi
  2 ghost crabs
  6 centaur warriors
  A radroach (Spider:3)
  12 ironbound frosthearts
  Erica (D:9)
  3 dancing weapons (Elf:1)
  An alligator (Swamp:1)
  11 two-headed ogres
  7 death yaks (IceCv)
  6 boulder beetles
  Urug (D:11)
  5 tengu warriors (D:15)
  6 demonic crawlers
  2 hell knights
  4 orc high priests (Orc:2)
  Nergalle (D:11)
  3 soul eaters (D:14)
  A sixfirhy (D:14)
  5 skeletal warriors (Vaults:3)
  A sun demon (D:14)
  2 deep elf knights (Elf:1)
  2 skysharks
  2 pharaoh ants
  2 goliath frogs
  A spriggan druid (Swamp:2)
  3 bog bodies
  3 deep elf archers (Elf:1)
  A lindwurm (Lair:5)
  15 deep trolls
  2 orb spiders
  Pikel (D:4)
  2 harpies
  10 arcanists
  A steelbarb worm (Spider:2)
  8 orc knights
  4 deep elf pyromancers
  16 ugly things
  18 wolf spiders
  5 deep elf zephyrmancers (Elf:1)
  8 cyclopes
  4 orc sorcerers
  13 ironbound convokers
  A shadow dragon skeleton (Vaults:3)
  2 manticores
  A tengu skeleton (Vaults:3)
  2 stone giant skeletons (Vaults:3)
  3 moths of wrath
  A rust devil (D:14)
  12 elephants
  4 torpor snails
  5 kobold blastminers
  An ice statue (IceCv)
  3 black mambas
  A gargoyle (D:12)
  15 cane toads
  A kobold demonologist (D:10)
  15 vault sentinels
  4 unseen horrors
  16 yaktaurs
  4 rime drakes
  An efreet (D:14)
  6 komodo dragons
  2 tengu conjurers (D:15)
  2 red devils (D:14)
  An elf skeleton (Vaults:3)
  6 tyrant leeches
  2 hornets
  6 trolls
  A wolf spider simulacrum (D:14)
  20 polar bears
  13 blink frogs
  12 dream sheep
  14 tarantellas
  11 jumping spiders
  19 slime creatures
  2 shadows (D:10)
  9 wraiths
  A vampire (D:12)
  A ynoxinul (D:14)
  10 culicivoras
  An ettin skeleton (Vaults:3)
  6 wyverns
  2 basilisks (D:10)
  Eustachio (D:5)
  4 wargs
  65 yaks
  22 redbacks
  6 steam dragons
  19 vampire mosquitoes
  A chaos spawn (D:14)
  A swamp worm (Swamp:1)
  A death yak simulacrum (D:12)
  Edmund (D:4)
  An acid dragon (D:10)
  11 water moccasins
  3 human skeletons (Vaults:3)
  A meliai simulacrum (D:10)
  A swamp drake (Swamp:1)
  50 orc warriors
  A black bear (shapeshifter) (D:10)
  5 black bears
  8 ice beasts
  A boggart (shapeshifter) (D:15)
  9 ogres
  19 wolves
  10 centaurs
  3 phantoms
  A lemure (D:4)
  3 kobold brigands
  7 bullfrogs
  A two-headed ogre simulacrum (D:12)
  5 scorpions
  An earth elemental (Elf:1)
  11 wights
  4 killer bees
  An elephant simulacrum (D:12)
  4 electric eels
  3 howler monkeys
  2 hounds (D:6)
  2 jellies
  4 bombardier beetles
  21 orc priests
  4 iguanas
  Natasha (thrice) (D:3)
  41 orc wizards
  A spriggan simulacrum (D:12)
  2 wolf simulacra (D:12)
  Robin (D:2)
  6 gnolls
  8 adders
  2 naga simulacra (D:12)
  5 shadow imps
  3 white imps
  3 dart slugs
  A ribbon worm (D:4)
  109 orcs
  5 bats
  4 endoplasms
  A giant cockroach (D:2)
  15 goblins
  10 hobgoblins
  2 quokkas (D:2)
  7 ball pythons
  5 frilled lizards
  18 kobolds
  2 rats
1102 creatures vanquished.

Vanquished Creatures (collateral kills)
  6 emperor scorpions (Spider:4)
  A vault warden (Vaults:2)
  An orc warlord (Orc:2)
  3 ironbound preservers
  2 ironbound thunderhulks
  A yaktaur captain (Vaults:2)
  A great orb of eyes (Vaults:4)
  An ironbound frostheart (Vaults:2)
  3 vault guards
  A demonic crawler (Spider:3)
  3 pharaoh ants
  4 orb spiders (Spider:4)
  5 deep trolls
  2 deep elf archers (Elf:1)
  2 deep elf zephyrmancers (Elf:1)
  A steelbarb worm (Spider:4)
  An arcanist (Vaults:1)
  3 wolf spiders (Spider:4)
  4 ugly things
  3 moths of wrath (Spider:4)
  A torpor snail (Spider:4)
  3 vault sentinels
  3 yaktaurs (Vaults:2)
  A komodo dragon (Lair:4)
  An efreet (D:14)
  A yaktaur skeleton (Vaults:3)
  A tyrant leech (Swamp:1)
  A polar bear (IceCv)
  9 tarantellas
  3 dream sheep (Lair:4)
  5 jumping spiders
  A slime creature (D:10)
  6 culicivoras
  2 yaks (Lair:4)
  9 redbacks
  2 orc warriors (Orc:2)
  A human skeleton (Vaults:3)
  A bullfrog (Lair:4)
  An orc priest (Orc:2)
  An orc wizard (Orc:2)
  2 orcs (Orc:2)
  A goblin (D:4)
104 creatures vanquished.

Vanquished Creatures (others)
  A deep elf knight (Elf:1)
  A blink frog (Lair:5)
  A shadow imp (D:6)
3 creatures vanquished.

Grand Total: 1209 creatures vanquished

Notes
Turn   | Place    | Note
-------+----------+-------------------------------------------
     0 | D:1      | PublicAnimeNo1 the Demonspawn Alchemist began the quest for
                  | the Orb.
     0 | D:1      | Reached XP level 1. HP: 13/13 MP: 3/3
   292 | D:1      | Gained mutation: Your touch may inflict minor irresistible
                  | damage on your foes. [demonic ancestry]
   292 | D:1      | Reached XP level 2. HP: 18/20 MP: 1/5
   763 | D:2      | Reached XP level 3. HP: 25/25 MP: 3/6
  1065 | D:2      | Noticed Robin
  1083 | D:2      | Reached skill level 1 in Fighting
  1090 | D:2      | Killed Robin
  1238 | D:2      | Reached XP level 4. HP: 23/32 MP: 7/7
  1491 | D:3      | Found a snail-covered altar of Cheibriados.
  1500 | D:3      | Noticed Natasha
  1535 | D:3      | Reached skill level 4 in Alchemy
  1540 | D:3      | Killed Natasha
  1541 | D:3      | Gained mutation: You may rarely emit foul miasma when
                  | damaged in melee. [demonic ancestry]
  1541 | D:3      | Reached XP level 5. HP: 23/38 MP: 8/8
  1560 | D:3      | Learned a level 3 spell: Mephitic Cloud
  1589 | D:3      | Found a hazy altar of Hepliaklqana.
  1672 | D:3      | Noticed Natasha
  1676 | D:3      | Killed Natasha
  1740 | D:3      | Noticed Natasha
  1748 | D:3      | Killed Natasha
  1801 | D:3      | Found a runed translucent gate.
  1802 | D:3      | Found a runed translucent gate.
  1802 | D:3      | Found an opulent altar of Gozag.
  1803 | D:3      | Found a runed translucent gate.
  1805 | D:3      | Noticed kasel's ghost (amateur FoHu)
  1805 | D:3      | Noticed a centaur
  2210 | D:4      | Noticed an ogre
  2216 | D:4      | Killed an ogre
  2217 | D:4      | Reached XP level 6. HP: 45/45 MP: 10/10
  2365 | D:4      | Noticed Edmund
  2396 | D:4      | Killed Edmund
  2397 | D:4      | Reached skill level 5 in Alchemy
  2409 | D:4      | Learned a level 4 spell: Olgreb's Toxic Radiance
  2519 | D:4      | Gained mutation: A weak demonic guardian rushes to your
                  | aid. [demonic ancestry]
  2519 | D:4      | Reached XP level 7. HP: 50/51 MP: 11/11
  2770 | D:4      | Noticed Pikel
  2799 | D:4      | Killed Pikel
  2800 | D:4      | Reached skill level 6 in Alchemy
  2800 | D:4      | Reached XP level 8. HP: 39/57 MP: 13/13
  3696 | D:5      | Entered Level 5 of the Dungeon
  3696 | D:5      | Found Vufeshirgh's Book Emporium.
  3714 | D:5      | Noticed Menkaure
  3721 | D:5      | Learned a level 4 spell: Sticky Flame
  4062 | D:5      | Reached skill level 1 in Fire Magic
  4062 | D:5      | Reached skill level 7 in Alchemy
  4355 | D:5      | Noticed Eustachio
  4362 | D:5      | Killed Eustachio
  4723 | D:6      | Reached skill level 5 in Stealth
  4839 | D:6      | Gained mutation: You sometimes emit foul miasma when
                  | damaged in melee. [demonic ancestry]
  4839 | D:6      | Reached XP level 9. HP: 34/62 MP: 15/15
  4884 | D:6      | Found a staircase to the Ecumenical Temple.
  4908 | Temple   | Entered the Ecumenical Temple
  4918 | Temple   | Became a worshipper of Kikubaaqudgha
  5023 | D:6      | Found a runed translucent gate.
  5023 | D:6      | Found a runed translucent gate.
  5193 | D:6      | Found a runed translucent gate.
  5195 | D:6      | Noticed RexxRaptorr's ghost (novice GnHu)
  5258 | D:6      | You fall into a shaft and drop 2 floors!
  5298 | D:8      | Found a bloodstained altar of Trog.
  5403 | D:8      | Found Fygowed's Jewellery Shoppe.
  5421 | D:8      | Found a transporter.
  5424 | D:8      | Noticed wqsa789's ghost (novice DjCj)
  5455 | D:8      | Reached skill level 8 in Alchemy
  5754 | D:6      | Reached skill level 5 in Spellcasting
  5761 | D:6      | Reached * piety under Kikubaaqudgha
  5761 | D:6      | Received a gift from Kikubaaqudgha
  5880 | D:6      | Got the Book of Twisted Dark Ceremonies
  6199 | D:7      | Reached ** piety under Kikubaaqudgha
  6253 | D:7      | Reached skill level 9 in Alchemy
  6253 | D:7      | Gained mutation: You have a somewhat thin skeletal
                  | structure. (Dex +2, Stealth+) [demonic ancestry]
  6253 | D:7      | Reached XP level 10. HP: 61/70 MP: 18/18
  6254 | D:7      | Found a burning altar of Makhleb.
  6905 | D:7      | Found a radiant altar of Vehumet.
  7284 | D:8      | Found a transporter.
  8114 | D:9      | Reached skill level 10 in Alchemy
  8124 | D:9      | Reached *** piety under Kikubaaqudgha
  8124 | D:9      | Received a gift from Kikubaaqudgha
  8494 | D:9      | Found a staircase to the Lair.
  8515 | D:9      | Noticed Erica
  8839 | D:9      | Killed Erica
  8840 | D:9      | Reached XP level 11. HP: 64/77 MP: 21/21
  9157 | D:10     | Entered Level 10 of the Dungeon
  9193 | D:10     | Noticed a red ugly thing
  9197 | D:10     | Reached skill level 11 in Alchemy
  9202 | D:10     | Killed a red ugly thing
  9212 | D:10     | Identified the +2 robe of Plasticity {^Drain Str+3 Slay+2}
  9212 | D:10     | Noticed an ogre mage
  9443 | D:10     | Identified the staff of Bargho {rPois Str+2 Dex-3 Earth
                  | Alchemy}
  9443 | D:10     | Identified the ring of Moceify {Int+4 Dex+3 SInv}
  9478 | D:10     | Found a blossoming altar of Fedhas.
  9479 | D:10     | Found a radiant altar of Vehumet.
  9479 | D:10     | Found a bloodstained altar of Trog.
  9479 | D:10     | Found a sacrificial altar of Ru.
  9519 | D:10     | Reached **** piety under Kikubaaqudgha
  9565 | D:10     | Found an opulent altar of Gozag.
  9599 | D:10     | Found a flagged portal.
  9605 | Bailey   | Entered a bailey
 10005 | Bailey   | Reached skill level 5 in Short Blades
 10077 | Bailey   | Noticed an orc knight
 10884 | Bailey   | Killed an orc knight
 10885 | Bailey   | Reached skill level 12 in Alchemy
 10907 | Bailey   | Identified the +8 bardiche of Incongruity {freeze, rPois}
 10918 | D:10     | Acquired a +1 quick blade of venom
 10973 | D:10     | Identified the +1 robe "Poetz" {rPois Will+ Regen+}
 10988 | D:10     | Killed an ogre mage
 10989 | D:10     | Reached skill level 1 in Necromancy
 11034 | D:10     | Noticed a two-headed ogre
 11039 | D:10     | Noticed a centaur warrior
 11043 | D:10     | Killed a two-headed ogre
 11053 | D:10     | Killed a centaur warrior
 11148 | D:10     | Got the Catalogue of Snow
 11151 | D:10     | Got the Spellbook of Peregrination
 11737 | D:11     | Noticed Urug
 11743 | D:10     | Gained mutation: Your touch may inflict irresistible damage
                  | on your foes. [demonic ancestry]
 11743 | D:10     | Reached XP level 12. HP: 79/83 MP: 22/22
 11957 | D:11     | Noticed Nergalle
 11968 | D:11     | Killed Nergalle
 11995 | D:11     | Acquired a +2 buckler of resistance
 12070 | D:11     | Killed Urug
 12070 | D:11     | Reached ***** piety under Kikubaaqudgha
 12440 | Lair:1   | Entered Level 1 of the Lair of Beasts
 12608 | Lair:1   | Reached skill level 5 in Fighting
 12615 | Lair:1   | Reached skill level 10 in Stealth
 12833 | Lair:1   | Noticed Gastronok
 12840 | Lair:1   | Killed Gastronok
 12841 | Lair:1   | Reached skill level 5 in Necromancy
 13221 | Lair:1   | Acquired a +0 pair of boots of stealth
 13543 | Lair:2   | Reached skill level 13 in Alchemy
 13562 | Lair:2   | Noticed a death yak
 13563 | Lair:2   | Noticed a death yak
 13732 | Lair:2   | Gained mutation: Your touch may irresistibly damage your
                  | foes and sap their willpower. [demonic ancestry]
 13732 | Lair:2   | Reached XP level 13. HP: 93/93 MP: 23/23
 13896 | Lair:2   | Found a dark tunnel.
 13902 | Volcano  | Entered a volcano
 13925 | Volcano  | Found a bloodstained altar of Trog.
 14198 | Lair:3   | Identified the +2 helmet of Zief {rN++}
 14294 | Lair:2   | Learned a level 4 spell: Petrify
 14351 | Lair:3   | Found a transporter.
 14658 | Lair:3   | Found a hole to the Spider Nest.
 14790 | Lair:3   | Learned a level 4 spell: Dispel Undead
 14999 | Lair:3   | Found a staircase to the Swamp.
 15092 | Lair:3   | Found a transporter.
 15389 | Lair:4   | Learned a level 5 spell: Irradiate
 15729 | Lair:4   | Reached ****** piety under Kikubaaqudgha
 16070 | Lair:5   | Entered Level 5 of the Lair of Beasts
 16213 | Lair:5   | Reached XP level 14. HP: 72/104 MP: 21/24
 16372 | Lair:5   | Reached skill level 14 in Alchemy
 16462 | Lair:5   | Learned a level 2 spell: Sublimation of Blood
 16815 | Lair:5   | Found a viscous altar of Jiyva.
 17049 | Lair:5   | Identified the ring of Guatweusm {rF+ rC+ Dex+6}
 17060 | Lair:5   | Identified the +1 trident "Diadumix" {heavy, rF+ rN+ SInv}
 17205 | Lair:5   | Found a staircase to the Slime Pits.
 17638 | D:12     | Found a frozen archway.
 17668 | IceCv    | Entered an ice cave
 18030 | IceCv    | Identified the +6 great sword "Zoedete" {flame, Int+3}
 18451 | IceCv    | Identified a +4 quick blade of pain (a +2 quick blade of
                  | venom bloodied by Kikubaaqudgha)
 18451 | IceCv    | Received a gift from Kikubaaqudgha
 18726 | D:12     | Found a staircase to the Orcish Mines.
 18978 | D:12     | Identified the +9 morningstar of the Modern Wars {heavy,
                  | rC+ Will+}
 19397 | D:12     | Identified the +1 robe "Xengaed" {Str+3 Archmagi}
 19582 | D:12     | Gained mutation: You frequently emit foul miasma when
                  | damaged in melee. [demonic ancestry]
 19582 | D:12     | Reached XP level 15. HP: 113/113 MP: 16/25
 19587 | Orc:1    | Entered Level 1 of the Orcish Mines
 19953 | Orc:2    | Entered Level 2 of the Orcish Mines
 19997 | Orc:2    | Reached skill level 10 in Short Blades
 20480 | Orc:2    | Reached skill level 5 in Dodging
 20480 | Orc:2    | Reached skill level 10 in Necromancy
 21018 | Orc:2    | Paralysed by an orc sorcerer for 3 turns
 21175 | Orc:2    | Found Veucsuc's Antique Armour Emporium.
 21176 | Orc:2    | Found Iklexzow's Antique Weapon Emporium.
 21178 | Orc:2    | Found Wamaloibb's General Store.
 21178 | Orc:2    | Found Amylore's Book Shoppe.
 21183 | Orc:2    | Bought a scroll of enchant weapon for 120 gold pieces
 21358 | Orc:2    | Found a staircase to the Elven Halls.
 21695 | D:12     | Upgraded the game from 0.31-a0-1547-g618ab1f to
                  | 0.31-a0-1549-g5ff9445
 22059 | D:13     | Noticed Nessos
 22069 | D:13     | Killed Nessos
 22534 | D:14     | Reached skill level 15 in Alchemy
 22561 | D:14     | Reached skill level 10 in Fighting
 22823 | D:14     | Found a gate to the Vaults.
 22909 | D:14     | Found an ornate altar of the Wu Jian Council.
 23288 | D:15     | Entered Level 15 of the Dungeon
 23441 | D:15     | Found Juej's Distillery.
 23617 | D:15     | Noticed Josephine
 23626 | D:15     | Killed Josephine
 23763 | D:15     | Reached XP level 16. HP: 105/122 MP: 3/28
 23993 | D:15     | Found Puicral's One-of-a-Kind Rings.
 24117 | D:15     | Found a staircase to the Depths.
 24499 | Spider:1 | Entered Level 1 of the Spider Nest
 24966 | Spider:1 | Learned a level 6 spell: Death Channel
 26785 | Spider:2 | Identified the +3 war axe of the Crawling Thing {flame,
                  | Str+3}
 28135 | Spider:4 | Entered Level 4 of the Spider Nest
 28183 | Spider:4 | Reached XP level 17. HP: 128/128 MP: 7/30
 28218 | Spider:4 | Learned a level 3 spell: Fugue of the Fallen
 28383 | Spider:4 | Got a gossamer rune of Zot
 28621 | Spider:4 | Reached skill level 10 in Spellcasting
 29046 | Swamp:1  | Entered Level 1 of the Swamp
 29284 | Swamp:1  | Noticed Roxanne
 29351 | Swamp:2  | Found a runed translucent gate.
 29352 | Swamp:2  | Found a runed translucent gate.
 29353 | Swamp:2  | Found a runed translucent gate.
 29675 | Elf:1    | Entered Level 1 of the Elven Halls
 29749 | Elf:1    | Found Wieruim's Weapon Boutique.
 29760 | Elf:1    | Found Qobreani's Book Shoppe.
 29765 | Elf:1    | Bought the Book of Darkness and Beguiling for 480 gold
                  | pieces
 29765 | Elf:1    | Bought a Trismegistus Codex for 420 gold pieces
 29830 | Elf:1    | HP: 6/128 [deep elf zephyrmancer/bolt of lightning (28)]
 29999 | Vaults:1 | Entered Level 1 of the Vaults
 30385 | Vaults:1 | Noticed a sphinx
 30399 | Vaults:1 | Killed a sphinx
 30415 | Vaults:1 | Found Famaan's Jewellery Emporium.
 31251 | Vaults:2 | Noticed an ancient lich
 31280 | Vaults:2 | Killed an ancient lich
 31281 | Vaults:2 | Reached skill level 1 in Evocations
 31281 | Vaults:2 | Reached XP level 18. HP: 112/136 MP: 17/32
 31446 | Vaults:2 | Identified the orb "Pibynorph" {*channel, rElec rPois}
 31446 | Vaults:2 | Noticed Frederick
 31453 | Vaults:2 | Killed Frederick
 31590 | Vaults:2 | Reached skill level 10 in Dodging
 31598 | Vaults:2 | Paralysed by a formless jellyfish for 1 turns
 32423 | Vaults:2 | Learned a level 5 spell: Borgnjor's Vile Clutch
 32502 | Vaults:3 | Reached skill level 1 in Earth Magic
 33233 | Vaults:3 | Reached skill level 5 in Evocations
 33251 | Vaults:3 | Found a staircase to the Crypt.
 33593 | Vaults:3 | Gained mutation: Your magical and physical power is
                  | slightly enhanced at high health. [demonic ancestry]
 33593 | Vaults:3 | Reached XP level 19. HP: 134/143 MP: 28/34
 33958 | Vaults:3 | Identified the +8 falchion "Pasez" {distort, Fly rPois
                  | Will+++ Dex-4}
 34267 | Vaults:3 | Found Iledatey's Antique Armour Boutique.
 34402 | Vaults:4 | Identified the orb of the Comet {*Rage, Dex+4}
 35131 | Vaults:4 | Acquired 488 gold pieces
 35140 | Vaults:4 | Found Ebogiceg's Jewellery Shoppe.
 35183 | Vaults:5 | Entered Level 5 of the Vaults
 35191 | Vaults:5 | HP: 7/143 [vault guard/+0 great mace (17)]
 35191 | Vaults:5 | Mangled by a vault guard

Illustrated notes

Levels and vault maps discovered:
D:1:      erik_arrival_orb_chamber, layout_rooms, minmay_lizard_pond
D:2:      wad_crossroads, layout_basic, basic_altar, uniq_crazy_yiuf_cottage,
          uniq_robin
D:3:      layout_rooms, grunt_temple_overflow_open, ebering_ghost_gozag,
          uniq_natasha
D:4:      layout_cave_pods, mainiacjoe_overflow_concentric_impassable,
          serial_column_ruins, column_ruins_hut, column_ruins_hut,
          column_ruins_open_tiny_water, column_ruins_corridor_corner,
          column_ruins_grid_1, column_ruins_open_small,
          column_ruins_corridor_straight, serial_bayou_pond_c,
          roderic_serpentine_path, uniq_pikel, uniq_edmund
D:5:      layout_loops_ring, serial_shops, nicolae_shop_tiny_glass,
          uniq_menkaure, uniq_eustachio
D:6:      kennysheep_windowed_halls, layout_basic, minmay_temple_entry_junction,
          ebering_ghost_rock_garden, corner_web_ring
D:7:      layout_loops_ring, nicolae_vehumet_altar_sigil, bloody_makhleb,
          serial_aquarium, aquarium_bridge_island_small
          [aquarium_subvault_small_open, aquarium_subvault_wall,
          aquarium_subvault_balcony, aquarium_subvault_bridge,
          aquarium_subvault_balcony], aquarium_bridge_long_joined
          [aquarium_subvault_bridge, aquarium_subvault_bridge,
          aquarium_subvault_bridge, aquarium_subvault_wall,
          aquarium_subvault_wall, aquarium_subvault_window],
          aquarium_window_fake, aquarium_window_corridor_2, aquarium_view_2d,
          aquarium_balcony_5a, solitary_fountain
D:8:      layout_basic, general_overflow_altar, serial_shops,
          nicolae_shop_tiny_glass, gammafunk_ghost_stat_death
D:9:      layout_basic, hellmonk_lair_entry_icy, uniq_erica
D:10:     minmay_the_grid_octo_2x2 [minmay_the_grid_octo_pinwheel,
          minmay_the_grid_octo_shrine, minmay_the_grid_octo_focus,
          minmay_the_grid_octo_prize_star], layout_basic, tso_altar,
          nicolae_gozag_cash_rules_everything_around_me, enter_bailey_4
D:11:     layout_roguey, palyth_stone_intersect, uniq_urug, uniq_nergalle
D:12:     layout_loops_ring, erik_orc_4, portal_ice_cave_entry_ice_simulacra,
          minmay_mirror_moons_of_madness
D:13:     layout_roguey, uniq_nessos
D:14:     layout_cave_pools, hellmonk_vaults_attempted_burglary, serial_demonic,
          serial_demonic_c, serial_demonic_d, serial_demonic_c,
          serial_demonic_f, nicolae_wu_jian_wuxing_cycle
D:15:     hangedman_depths_entry_civil_slaughter, layout_rooms,
          minmay_misc_feat_secret_circle, serial_shops,
          nicolae_shop_behind_doors, nicolae_shop_unique_rings, uniq_josephine
Temple:   nicolae_temple_two_arcs
Lair:1:   layout_cave_pods, serial_bayou_lake_a, uniq_gastronok
Lair:2:   layout_regular_city, enter_volcano_4, lemuel_fruit_fields,
          uniq_amaemon
Lair:3:   gammafunk_cloud_chamber, layout_concentric_octagons,
          mainiacjoe_swamp_entry_lozenge_pond, nicolae_spider_entry_tight_spaces
Lair:4:   layout_misc_corridors, gammafunk_lair_bear_cave, grunt_megastairs_3,
          lemuel_fruit_tree
Lair:5:   gammafunk_lair_ancient_temple, layout_long_grid, slime_entry_1
Swamp:1:  layout_basic_swamp, nicolae_swamp_oxbows, infiniplex_staircase_pool,
          uniq_roxanne
Swamp:2:  layout_basic_swamp, gammafunk_ghost_necromancy, lemuel_altar_in_water
Spider:1: layout_chambers, nicolae_spider_swamp_cousins
Spider:2: layout_chambers
Spider:3: layout_spider_delve, spiders_nest_ghost_moth_duel
Spider:4: grunt_spider_rune_circles
Orc:1:    layout_caves, basic_altar
Orc:2:    st_orc_congregation, layout_caves, blackcustard_rock_pile
Elf:1:    eino_elf_arrival_sip, layout_loops_ring, serial_shops, shop,
          nicolae_shop_advertising_works [nicolae_subvault_shop_adworks],
          nicolae_shop_real_fake_doors, shop, nicolae_square_shop,
          gammafunk_ghost_tricky_traps, nicolae_elf_crossing_hall
Vaults:1: nicolae_vaults_wrenched, hangedman_vaults_pinch,
          nicolae_vaults_double_plus_1, v_misc_16, v_misc_3,
          nicolae_vaults_two_Ls, grunt_vaults_hallway_long,
          nicolae_vaults_closet_pinwheel_1, nicolae_vaults_two_Ls,
          layout_vaults_omnibox, serial_shops, shop
Vaults:2: v_rooms_5, st_more_cells, nicolae_vaults_circle_grid_b,
          vaults_standard_mumra_enter_the_diamond, v_misc_27, v_alt_pattern_5,
          nicolae_vaults_apartment_2, vaults_standard_mumra_enter_the_diamond,
          v_misc_28, nicolae_vaults_tangram_1, nicolae_vaults_tetromino_L_2,
          nicolae_vaults_double_plus_2, nicolae_vaults_trapezoid_lopsided_3,
          nicolae_vaults_tetromino_T_2, layout_vaults_ring, uniq_frederick
Vaults:3: vaults_room_door_hall, minmay_crypt_entry_skeletal_spiral, v_misc_1,
          vaults_dpeg_cross, v_misc_29, ontoclasm_vaults_spin,
          vaults_mumra_bighexcomb, ontoclasm_vaults_shuriken, v_rooms_4,
          nicolae_vaults_closet_pinwheel_5, layout_vaults_quadrants,
          serial_shops, shop
Vaults:4: nicolae_vaults_hallways_thing, hangedman_vaults_cutoff,
          nicolae_vaults_house_1, nicolae_vaults_double_plus_1,
          nicolae_vaults_little_ls, v_misc_1, nicolae_vaults_security_offices_1,
          nicolae_vaults_six-pack, nicolae_vaults_little_squares_2,
          nicolae_vaults_back_hallway, nicolae_vaults_alarming,
          vaults_mumra_lcd, vaults_room_hallway, layout_vaults_maze_bifur,
          serial_shops, shop
Vaults:5: serial_shops

Skill      XL: |  1  2  3  4  5  6  7  8  9 10 11 12 13 14 15 16 17 18 19 |
---------------+----------------------------------------------------------+-----
Stealth        | 2 3 4 5 6 7 9 10 11 12 13 14 | 14.9
Fighting       | 1 2 3 4 6 7 9 10 11 | 11.0
Conjurations   | 2 3 4 |  4.0
Alchemy        | 4 5 6 7 9 10 12 13 14 15 | 15.6
Spellcasting   | 3 4 5 6 7 8 9 10 11 12 | 12.3
Short Blades   | 2 3 4 6 7 8 9 10 11 12 13 14 | 14.0
Fire Magic     | 1 3 4 |  4.0
Necromancy     | 2 5 8 9 10 11 12 13 14 | 14.2
Dodging        | 4 6 8 9 10 | 10.2
Evocations     | 1 5 6 |  6.5
Earth Magic    | 3 4 |  4.7

Action                     |  1- 3 |  4- 6 |  7- 9 | 10-12 | 13-15 | 16-18 | 19-21 || total
---------------------------+-------+-------+-------+-------+-------+-------+-------++-------
  Melee: Dagger            |    40 |    51 |   173 |   228 |       |       |       ||   492
         Unarmed           |     1 |       |       |       |       |       |       ||     1
         Touch             |     2 |    10 |    41 |    76 |   212 |   252 |    37 ||   630
         Long sword        |       |     3 |    11 |       |       |       |       ||    14
         Punch             |       |     1 |     4 |     4 |    18 |    26 |     6 ||    59
         Quick blade       |       |       |       |   209 |  1181 |  1004 |   152 ||  2546
   Cast: Sting             |    56 |    50 |    49 |    25 |       |       |       ||   180
         Mephitic Cloud    |       |     1 |     5 |    18 |     3 |     5 |       ||    32
         Olgreb's Toxic Ra |       |       |    13 |    44 |    76 |    39 |     3 ||   175
         Sticky Flame      |       |       |     7 |    43 |    15 |     3 |       ||    68
         Petrify           |       |       |       |       |   124 |    28 |       ||   152
         Irradiate         |       |       |       |       |     9 |     6 |     2 ||    17
         Dispel Undead     |       |       |       |       |     7 |    17 |       ||    24
         Sublimation of Bl |       |       |       |       |     4 |     1 |       ||     5
         Death Channel     |       |       |       |       |       |    46 |     5 ||    51
         Fugue of the Fall |       |       |       |       |       |     8 |     2 ||    10
         Borgnjor's Vile C |       |       |       |       |       |     5 |     5 ||    10
 Invoke: Brand Weapon With |       |       |       |       |     1 |       |       ||     1
  Evoke: Wand              |       |       |       |     2 |     4 |     2 |       ||     8
    Use: Scroll            |       |     7 |     8 |    11 |    10 |     3 |     1 ||    40
         Potion            |       |     1 |     1 |     5 |     5 |     4 |     1 ||    17
   Stab: Sleeping          |     3 |     1 |     5 |    21 |    39 |    42 |    11 ||   122
         Confused          |       |     2 |     1 |    12 |       |     5 |       ||    20
         Distracted        |       |       |       |     1 |     6 |    11 |     1 ||    19
         Petrifying        |       |       |       |       |    53 |    24 |       ||    77
         Petrified         |       |       |       |       |    42 |     4 |       ||    46
         Invisible         |       |       |       |       |     1 |       |       ||     1
         Paralysed         |       |       |       |       |       |     1 |       ||     1
 Armour: Robe              |    21 |    28 |   125 |   161 |   473 |   328 |    43 ||  1179
         Steam dragon scal |       |       |       |    63 |       |       |       ||    63
  Dodge: Dodged            |    25 |    37 |    84 |   191 |   398 |   374 |    52 ||  1161
  Block: Buckler           |       |       |       |    22 |    56 |       |       ||    78

Table legend: (Time is in decaauts)
 A = Elapsed time spent in this place.
 B = Non-inter-level travel time spent in this place.
 C = Inter-level travel time spent in this place.
 D = Time resting spent in this place.
 E = Time spent auto-exploring this place.
 F = Levels seen in this place.
 G = Mean time per level.
                   A        B        C        D        E       F      G
               +--------+--------+--------+--------+--------+-----+--------+
         Total |  34854 |  33031 |   1823 |   5172 |  19944 |  38 |  917.2 |
       Dungeon |  14943 |  14056 |    887 |   1736 |   9073 |  15 |  996.2 |
        Temple |     20 |      1 |     19 |      0 |      0 |   1 |   20.0 |
          Lair |   5194 |   4808 |    386 |    672 |   2927 |   5 | 1038.8 |
         Swamp |    430 |    382 |     48 |     42 |    157 |   2 |  215.0 |
   Spider Nest |   4444 |   4269 |    175 |    537 |   2916 |   4 | 1111.0 |
  Orcish Mines |   2198 |   2016 |    182 |    511 |   1019 |   2 | 1099.0 |
   Elven Halls |    168 |    168 |      0 |     18 |     18 |   1 |  168.0 |
        Vaults |   5007 |   4885 |    122 |    263 |   3547 |   5 | 1001.4 |
        Bailey |   1373 |   1373 |      0 |    989 |     82 |   1 | 1373.0 |
      Ice Cave |    914 |    914 |      0 |    403 |    197 |   1 |  914.0 |
       Volcano |    158 |    158 |      0 |      0 |      6 |   1 |  158.0 |
               +--------+--------+--------+--------+--------+-----+--------+

Top non-repeatable levels by time:
Vaults:3: 1764 daAuts
   Orc:2: 1544 daAuts
     D:4: 1523 daAuts
Spider:1: 1516 daAuts
     D:9: 1512 daAuts
  Bailey: 1373 daAuts
  Lair:5: 1361 daAuts
    D:10: 1347 daAuts
Vaults:2: 1329 daAuts
  Lair:3: 1222 daAuts
Spider:2: 1154 daAuts
     D:6: 1146 daAuts
  Lair:1: 1133 daAuts
    D:12: 1084 daAuts
     D:7: 1077 daAuts
